woodfighter, neutral female human Healer --------- # |.......| -----.----- ---------------- |.....<.| |.........| |.{............| |.......| |.....)...| #[...............# --------- |.......| |..........# #|..............|# #........| |.......I####|.........|# #----------------# ###|.......| -------%- #---.....---# ### # # #........| # ###|.....| ### # # ### #------.-- %# #-+----- [ # # # # # ###)[[))######`################## # # # # # # # # ### # ### # # # # #--------# # ### -----# #|....{.|# --.-- # ||...# #|......|# |...| ###|...| #-......|# |..(| #..).| |...>...# |...| ----- -------- #######-...| ----- woodfighter the Embalmer Experience level: 6 Strength: 13 Dexterity: 10 Constitution: 14 Intelligence: 12 Wisdom: 14 Charisma: 16 Health: 0(48) Energy: 13(34) Def: 2 Gold: 2440 Moves: 2544 Dungeon seed: IJz-mNtiR-v8mEE7 Game ID: woodfighter_1502035847 Your Inventory: Coins $ - 2440 gold pieces Weapons a - a +0 scalpel (weapon in hand) Armor e - a blessed +1 pair of leather gloves (being worn) n - an uncursed +0 orcish helm w - an uncursed +0 dwarvish cloak z - a cursed -3 pair of fumble boots Comestibles j - 6 blessed eucalyptus leaves k - 2 blessed sprigs of wolfsbane l - a blessed clove of garlic m - 8 uncursed apples p - an uncursed lichen corpse q - 3 uncursed food rations r - an uncursed tripe ration U - an uncursed sprig of wolfsbane Scrolls W - an uncursed scroll of scare monster Y - an uncursed scroll of magic mapping Potions X - a blessed potion of confusion Wands f - a wand of sleep (0:2) D - a wand of enlightenment (0:12) Tools b - an uncursed stethoscope y - an uncursed lock pick Spells and supernatural/magical abilities: Name Level Category Fail Memory h - healing 1 healing 0% 88% x - extra healing 3 healing 6% 88% S - stone to flesh 3 healing 23% 88% W - pray for help -- divine ? -- Your skills at the end: Miscellaneous Skills wands [Basic] Weapon Skills knife [Basic] Spellcasting Skills healing spells [Basic] Final Attributes: You were devoutly aligned. You were fire resistant. You were poison resistant. You were very stealthy. You are dead. Vanquished creatures: a giant beetle a dog 4 Mordor orcs 7 Uruk-hai a rock piercer a gray ooze an elf zombie a giant ant a dwarf a homunculus 2 iguanas 2 jitterbugs 2 coyotes an acid blob 3 geckos a hobgoblin a giant rat 3 cave spiders a yellow mold a red mold a gnome zombie 7 jackals 2 foxes a kobold a newt 4 goblins 5 grid bugs 4 lichens 3 kobold zombies 64 creatures vanquished. Voluntary challenges: You did not adorn yourself with jewelry or accessories. You did not cause conflict. You were not invisible. You did not have reflection. You were not displaced. You had been an atheist until turn 2400. You used a wielded weapon 212 times, starting on turn 95. You did not apply a unicorn horn. You did not use plumbed fixtures. You did not drink any magical draughts. You were illiterate. You never genocided any monsters. You never polymorphed an object. You never changed form. You used no wishes. You never split a pudding. You never wrote Elbereth's name. You never violated your personal moral code. Dungeon overview: The Dungeons of Doom: levels 1 to 7 Level 1 some fountains a long staircase Level 2 a sink Level 3 some fountains Level 4 a general store, a fountain stairs to The Gnomish Mines Level 5 a scroll shop Level 6 <- You were here some fountains Level 7 a fountain The Gnomish Mines: Level 5 stairs to The Dungeons of Doom History has recorded: On T:1 you entered the Dungeons of Doom to retrieve the Amulet of Yendor! On T:236 you reached level 2 of The Dungeons of Doom. On T:395 you advanced to experience level 2. On T:508 you reached level 3 of The Dungeons of Doom. On T:792 you reached level 4 of The Dungeons of Doom. On T:796 you advanced to experience level 3. On T:1065 you advanced to experience level 4. On T:1201 you reached level 1 of The Gnomish Mines. On T:1362 you reached level 5 of The Dungeons of Doom. On T:1964 you reached level 6 of The Dungeons of Doom. On T:2091 you reached level 7 of The Dungeons of Doom. On T:2248 you advanced to experience level 5. On T:2400 you prayed to Hermes. On T:2485 you advanced to experience level 6. Score breakdown: Gold: 790 ( 79 points) Experience: 6 levels ( 500 points) Exploration: 7 levels ( 180 points) Discoveries: 10 items ( 500 points) Variety of kills: 29 monsters ( 1450 points) Major goal: (nothing yet) ( 0 points) Survival: died (score multiplied by 3) Total score: 8127 Latest messages: The Mordor orc wields a knife! You hack the giant beetle. The giant beetle is almost dead. You slash the Mordor orc. The Mordor orc is lightly wounded. The Mordor orc thrusts her knife at you. The Mordor orc stabs you! You slash the Mordor orc. The Mordor orc is lightly wounded. You hack the Mordor orc. The Mordor orc is moderately wounded. You hack the Mordor orc. The Mordor orc is moderately wounded. The Mordor orc thrusts her knife at you. The Mordor orc stabs you! The giant beetle bites! You stop. Your housecat is in the way! There is an open door here. There are a few objects here. You displace your housecat. You hear some noises. The fire ant bites! (2x) You're on fire, but it's not that hot. Your murky potion boils and explodes! You feel rather tired. Something bites! You die... Final status: Goodbye woodfighter the Healer, killed by a fire ant, while sleeping off potion vapours... You died in The Dungeons of Doom on dungeon level 6 with 8127 points, and 2440 pieces of gold, after 2544 moves. You were level 6 with a maximum of 48 hit points when you died.